 Dungeon Crawl Stone Soup version 0.28-a0-312-gbced6e68ee (webtiles) character file.

Game seed: 13282607789015648926

64 Kala the Grave Robber (level 4, -5/33 HPs)
             Began as a Ghoul Necromancer on Aug 31, 2021.
             Was a Follower of Wu Jian.
             Slain by an iguana (10 damage)
             ... on level 4 of the Dungeon.
             The game lasted 00:20:47 (3026 turns).

Kala the Grave Robber (Ghoul Necromancer)           Turns: 3026, Time: 00:20:47

Health: -5/33      AC:  2    Str: 11    XL:     4   Next: 12%
Magic:  0/6        EV: 12    Int: 11    God:    Wu Jian [*.....]
Gold:   90         SH:  0    Dex:  9    Spells: 1/7 levels left

rFire   . . .      SeeInvis .   h - staff of death
rCold   + . .      Faith    .   (no shield)
rNeg    + + +      Spirit   .   a - +0 robe
rPois   ∞          Reflect  .   (no helmet)
rElec   .          Harm     .   (no cloak)
rCorr   +          Rampage  .   (no gloves)
Will    .....                   (no boots)
Stlth   ++........              (no amulet)
HPRegen 0.00/turn               b - ring of resist corrosion
MPRegen 0.10/turn               (no ring)

@: inhibited regen
A: claws 1, cold resistance 1, negative energy resistance 3, inhibited
regeneration, torment resistance 2
a: Renounce Religion


You were on level 4 of the Dungeon.
You worshipped Wu Jian.
Wu Jian was aware of your devotion.
You visited 1 branch of the dungeon, and saw 4 of its levels.

You collected 90 gold pieces.

Inventory:

Armour
 a - a +0 robe (worn)
Magical Staves
 h - a staff of death (weapon)
Jewellery
 b - a ring of resist corrosion (left claw)
 k - an amulet of reflection
Scrolls
 g - a scroll of teleportation
Potions
 d - 2 potions of lignification
 e - 2 potions of attraction
 f - a potion of curing {unknown}
 i - a potion of heal wounds {unknown}
 j - a potion of ambrosia {unknown}


   Skills:
 + Level 0.2 Fighting
 + Level 0.2 Staves
 + Level 1.9 Dodging
 + Level 2.2 Stealth
 - Level 0.4 Unarmed Combat
 + Level 2.3 Spellcasting
 + Level 4.6 Necromancy
 * Level 1.0 Ice Magic
 * Level 0.7 Evocations


You had one spell level left.
You knew the following spells:

 Your Spells              Type           Power      Damage    Failure   Level
a - Pain                  Necr           68%        1d7       4%          1
b - Animate Skeleton      Necr           34%        N/A       4%          1
c - Animate Dead          Necr           8%         N/A       38%         4

Your spell library contained the following spells:

 Spells                   Type           Power      Damage    Failure   Level
 Vampiric Draining        Necr           8%         2d7       13%         3
 Agony                    Necr           17%        N/A       75%         5
 Excruciating Wounds      Necr           8%         N/A       75%         5
 Animate Armour           Summ/Erth      2%         N/A       96%         4
 Iron Shot                Conj/Erth      0%         9d1       100%        6
 Malign Gateway           Summ/Tloc      0%         N/A       100%        7
 Summon Horrible Things   Summ           0%         N/A       100%        8
 Blade Hands              Tmut           Unusable   N/A       N/A         5

Dungeon Overview and Level Annotations

Branches:
Dungeon (4/15)
 Temple: D:4-7

Altars:
Okawaru
Wu Jian

Shops:
D:1 [


Innate Abilities, Weirdness & Mutations

You thrive by killing the living.
You are immune to poison.
You have sharp fingernails.
Your flesh is cold resistant. (rC+)
You are immune to negative energy. (rN+++)
You do not regenerate when monsters are visible.
You are immune to unholy pain and torment.


Message History

The orc priest hits your orc skeleton with a +0 mace!
Your orc skeleton is destroyed!
There is a stone staircase leading down here.
You climb downwards.
Found a scroll labelled YLEGHE TIHOBB.
There is a stone staircase leading up here.
An iguana is nearby!
The iguana hisses angrily.
Aiming: Pain (safe; 4% risk of failure)
Press: ? - help, Q - select action, (/) - cycle Shift-Dir - straight line, f - you You feel a surge of power!
That beam is likely to hit you.
Continue anyway?
Okay, then.
Aiming: Pain (safe; 4% risk of failure)
Press: ? - help, Q - select action, (/) - cycle Shift-Dir - straight line, f - you
Okay, then.
Aiming: Pain (safe; 4% risk of failure)
Press: ? - help, Q - select action, (/) - cycle Shift-Dir - straight line, f - iguana
Aim: an iguana (chance to affect: 82%)
You feel a surge of power!
The iguana writhes in agony.
Aiming: Pain (safe; 4% risk of failure)
Press: ? - help, Q - select action, (/) - cycle Shift-Dir - straight line, f/p - iguana
Aim: an iguana (lightly wounded, chance to affect: 82%)
You feel a surge of power!
The iguana writhes in agony.
Aiming: Pain (safe; 4% risk of failure)
Press: ? - help, Q - select action, (/) - cycle Shift-Dir - straight line, f/p - iguana
Aim: an iguana (moderately wounded, chance to affect: 82%)
You feel a surge of power!
The iguana barely resists.
Aiming: Pain (safe; 4% risk of failure)
Press: ? - help, Q - select action, (/) - cycle Shift-Dir - straight line, f/p - iguana
Aim: an iguana (moderately wounded, chance to affect: 82%)
You feel a surge of power!
The iguana writhes in agony.
Aiming: Pain (safe; 4% risk of failure)
Press: ? - help, Q - select action, (/) - cycle Shift-Dir - straight line, f/p - iguana
Aim: an iguana (severely wounded, chance to affect: 82%)
You feel a surge of power!
The iguana barely resists.
You hit the iguana but do no damage.
The iguana writhes in agony.
The iguana is severely wounded.
The iguana closely misses you. The iguana bites you!
You die...

#......## ..
#....... ...
.......###..
#.#........
#.#......#
#.#......+
#.#....?.#####
#@l...<.......
##########...#
#


You could see an iguana.

Vanquished Creatures
  An adder (D:2)
  3 worms
  A dart slug (D:3)
  2 orcs (D:3)
  2 ball pythons
  9 endoplasms
  3 giant cockroaches
  3 goblins (D:1)
  4 hobgoblins
  2 bats (D:1)
  2 frilled lizards
  4 kobolds
  3 rats
39 creatures vanquished.

Vanquished Creatures (others)
  A plant (D:4)
1 creature vanquished.

Grand Total: 40 creatures vanquished

Notes
Turn   | Place    | Note
-------+----------+-------------------------------------------
     0 | D:1      | Kala the Ghoul Necromancer began the quest for the Orb.
     0 | D:1      | Reached XP level 1. HP: 14/14 MP: 2/2
   123 | D:1      | Reached XP level 2. HP: 9/20 MP: 1/3
   130 | D:1      | Learned a level 1 spell: Animate Skeleton
   309 | D:1      | Found a faded altar of an unknown god.
   313 | D:1      | Became a worshipper of the Wu Jian Council
   313 | D:1      | Reached * piety under Wu Jian
  1267 | D:1      | Reached XP level 3. HP: 26/26 MP: 3/5
  1325 | D:1      | Found Ydwerif's Antique Armour Shop.
  2048 | D:2      | Found an iron altar of Okawaru.
  2203 | D:2      | Reached ** piety under Wu Jian
  2716 | D:3      | Reached skill level 1 in Ice Magic
  2832 | D:3      | Reached XP level 4. HP: 33/33 MP: 4/6
  2837 | D:3      | Learned a level 4 spell: Animate Dead
  3026 | D:4      | Slain by an iguana

Illustrated notes

Levels and vault maps discovered:
D:1:      dpeg_arrival_pits, layout_loops_ring, serial_shops, shop,
          chequers_ecumenical_altar_simple_redux
D:2:      layout_loops_ring, basic_altar
D:3:      layout_loops_cross, minivault_19
D:4:      layout_basic, minmay_temple_entry_overgrown, minmay_shop_mass

Skill      XL: |  1  2  3 |
---------------+----------+-----
Spellcasting   | 2 |  2.3
Ice Magic      | 1 |  1.0
Fighting       | |  0.2
Staves         | |  0.2
Dodging        | |  1.9
Stealth        | |  2.2
Unarmed Combat | |  0.4
Necromancy     | |  4.6
Evocations     | |  0.7

Action                   |  1- 3 |  4- 6 || total
-------------------------+-------+-------++-------
Melee: Unarmed           |    55 |       ||    55
       Staff             |    44 |     9 ||    53
 Cast: Pain              |    48 |    11 ||    59
       Animate Skeleton  |     5 |     1 ||     6
Invok: Lunge             |     1 |       ||     1
  Use: Scroll            |       |     3 ||     3
 Stab: Sleeping          |     2 |       ||     2
Armor: Robe              |    24 |       ||    24
Dodge: Dodged            |    49 |     3 ||    52

Table legend: (Time is in decaauts)
 A = Elapsed time spent in this place.
 B = Non-inter-level travel time spent in this place.
 C = Inter-level travel time spent in this place.
 D = Time resting spent in this place.
 E = Time spent auto-exploring this place.
 F = Levels seen in this place.
 G = Mean time per level.
                   A        B        C        D        E       F      G
               +--------+--------+--------+--------+--------+-----+--------+
         Total |   3032 |   3000 |     32 |    150 |   2435 |   4 |  758.0 |
       Dungeon |   3032 |   3000 |     32 |    150 |   2435 |   4 |  758.0 |
               +--------+--------+--------+--------+--------+-----+--------+

Top non-repeatable levels by time:
     D:1: 1397 daAuts
     D:2: 1263 daAuts
     D:3: 358 daAuts
     D:4: 11 daAuts
